AoeStats
← Eugenius

Arena

506946742Analyzed
4v4 RM · 17d ago on Sep 15, 2026· 51m 17s· 8 players
Game mode
Random Map
Map size
Large (8 player)
Population
200
Speed
Normal
Resources
Standard
Victory
Conquest
Starting age
Dark Age
Ending age
Imperial Age
RankedLock teamsTeams togetherTeam positionsShared explorationLock speedFull tech treeHidden civsTurbo modeCheats
Victory
Defeat
🇲🇽 Spanish · Mexico
1726
+15
🇺🇸 Italians · United States
1723
+15
🇲🇽 Gurjaras · Mexico
1673
+17
🇵🇪 Magyars · Peru
1625
+20
🇫🇷 Khmer · France
1766
-18
🇫🇷 Chinese · France
1730
-18
🇫🇷 Burgundians · France
1677
-16
🇫🇷 Persians · France
1648
-15
quesarito
7:54 Feudal Age
8:23 Double-Bit Axe
12:37 Loom
13:15 Fletching
18:34 Padded Archer Armor
24:17 Castle Age
22:13 Horse Collar
25:05 Thumb Ring
24:55 Bodkin Arrow
25:08 Crossbowman
26:45 Heavy Plow
26:57 Bow Saw
27:31 Ballistics
28:01 Wheelbarrow
29:43 Hand Cart
29:49 Fortified Wall
37:13 Imperial Age
36:10 Gold Mining
37:59 Bracer
37:20 Arbalester
39:01 Chemistry
38:21 Leather Archer Armor
44:16 Two-Man Saw
43:49 Crop Rotation
45:38 Ring Archer Armor
50:35 Elite Skirmisher
§Y¶# Ä
9:21 Feudal Age
12:18 Loom
14:50 Castle Age
14:08 Double-Bit Axe
22:36 Redemption
28:07 Husbandry
28:18 Bloodlines
33:12 Scale Barding Armor
35:03 Fortified Wall
40:45 Forging
46:58 Imperial Age
45:12 Iron Casting
45:32 Wheelbarrow
45:23 Gold Mining
47:11 Chain Barding Armor
47:25 Bow Saw
47:38 Heavy Camel Rider
49:21 Plate Barding Armor
loco_angel
10:00 Feudal Age
11:37 Loom
14:58 Castle Age
13:28 Double-Bit Axe
14:35 Horse Collar
28:54 Padded Archer Armor
41:11 Husbandry
45:06 Imperial Age
43:57 Town Watch
44:45 Heavy Plow
47:46 Wheelbarrow
47:56 Conscription
48:21 Pikeman
49:01 Squires
50:11 Scale Mail Armor
50:22 Forging
51:34 Chain Mail Armor
52:01 Bow Saw
51:44 Fletching
52:09 Leather Archer Armor
Eugenius
10:25 Feudal Age
11:12 Horse Collar
11:18 Double-Bit Axe
12:28 Bloodlines
19:13 Scale Barding Armor
24:58 Wheelbarrow
27:42 Castle Age
27:46 Light Cavalry
28:53 Chain Barding Armor
28:34 Husbandry
28:54 Husbandry
33:20 Heavy Plow
Danslecochontoutestbon
10:36 Feudal Age
14:03 Castle Age
11:49 Double-Bit Axe
12:02 Horse Collar
15:01 Bow Saw
15:41 Heavy Plow
20:24 Stone Mining
21:15 Wheelbarrow
20:26 Loom
22:26 Fletching
26:16 Bodkin Arrow
26:47 Devotion
34:13 Town Watch
37:38 Bloodlines
37:29 Husbandry
38:55 Hand Cart
40:30 Ballistics
45:12 Imperial Age
43:11 Light Cavalry
44:22 Scale Barding Armor
45:12 Fortified Wall
45:26 Chain Barding Armor
45:17 Forging
45:16 Hussar
46:42 Plate Barding Armor
46:51 Conscription
49:32 Iron Casting
49:40 Masonry
Kimbo
0:44 Loom
8:57 Feudal Age
9:37 Double-Bit Axe
12:01 Horse Collar
12:29 Fletching
21:08 Castle Age
19:13 Stone Mining
22:24 Wheelbarrow
22:11 Bow Saw
22:03 Heavy Plow
27:15 Hand Cart
26:46 Town Watch
27:53 Gold Mining
28:49 Stone Shaft Mining
32:59 Imperial Age
30:41 Bodkin Arrow
31:20 Padded Archer Armor
31:31 Thumb Ring
33:48 Ballistics
33:01 Capped Ram
33:49 Bracer
35:02 Conscription
36:20 Siege Ram
38:49 Conscription
38:33 Guard Tower
41:35 Leather Archer Armor
42:49 Ring Archer Armor
44:32 Gold Shaft Mining
45:04 Two-Man Saw
44:31 Elite Chu Ko Nu
48:21 Scale Barding Armor
48:26 Forging
48:14 Light Cavalry
49:04 Bloodlines
48:55 Husbandry
50:23 Chain Barding Armor
50:39 Iron Casting
51:57 Plate Barding Armor
51:59 Iron Casting
52:15 Keep
52:41 Chemistry
Fluffy Silverhand
10:26 Feudal Age
14:02 Castle Age
12:33 Double-Bit Axe
12:50 Horse Collar
14:38 Bow Saw
17:50 Loom
Roronoa Yolo
3:05 Double-Bit Axe
5:54 Horse Collar
11:00 Feudal Age
14:58 Castle Age
13:50 Bow Saw
14:07 Gold Mining
24:56 Loom
Connection lost

Rejoining the realm…

Still unreachable

The connection could not be restored.

Session expired

The server has moved on; the page needs a fresh start.